AoeStats
← Attila the Pun

Nomad

503261833Analyzed
1v1 RM · 1mo ago on Aug 30, 2026· 37m 30s· 2 players
Game mode
Random Map
Map size
126×126
Population
200
Speed
Normal
Resources
Standard
Victory
Conquest
Starting age
Dark Age
Ending age
Imperial Age
RankedLock teamsTeams togetherTeam positionsShared explorationLock speedFull tech treeHidden civsTurbo modeCheats
Victory
Defeat
🇺🇸 Byzantines · United States
838
+16
🇺🇾 Huns · Uruguay
844
-16
Attila the Pun
3:55 Loom
19:10 Feudal Age
25:19 Castle Age
25:25 Pikeman
27:11 Pikeman
30:46 Scale Mail Armor
30:37 Fletching
30:47 Padded Archer Armor
30:39 Elite Skirmisher
32:30 Wheelbarrow
32:23 Chain Mail Armor
32:04 Bodkin Arrow
32:32 Double-Bit Axe
34:18 Ballistics
36:41 Leather Archer Armor
EgaUy
9:03 Loom
13:17 Feudal Age
14:08 Double-Bit Axe
14:05 Horse Collar
17:40 Wheelbarrow
19:46 Gold Mining
20:30 Forging
20:30 Fishing Lines
21:50 Bloodlines
26:25 Castle Age
25:32 Scale Barding Armor
26:32 Fletching
26:43 Padded Archer Armor
27:15 Thumb Ring
27:16 Husbandry
27:14 Bodkin Arrow
27:35 Bow Saw
27:27 Heavy Plow
29:20 Gold Shaft Mining
29:07 Leather Archer Armor
29:47 Fervor
30:31 Hand Cart
31:05 Chain Barding Armor
33:37 Iron Casting
33:40 Stone Mining
35:21 Ballistics
Connection lost

Rejoining the realm…

Still unreachable

The connection could not be restored.

Session expired

The server has moved on; the page needs a fresh start.